[Event "SVK Extraliga 2019-20"]
[Site "Slovakia"]
[Date "2019.10.19"]
[Round "1.8"]
[White "Motycakova, Monika"]
[Black "Magat, Jozef"]
[Result "1/2-1/2"]
[ECO "B00"]
[WhiteElo "2126"]
[BlackElo "2103"]
[Annotator "RC"]
[PlyCount "28"]
[EventDate "2019.10.19"]
[EventType "team-tourn"]
[EventCountry "SVK"]
[SourceTitle "playchess.com"]
[Source "ChessBase"]
[SourceQuality "1"]
[WhiteTeam "Liptovska"]
[BlackTeam "Dunajov"]
[TimeControl "40/5400+30:1800+30"]

1. e4 Nc6 2. d4 d5 3. e5 Bf5 4. Nf3 e6 5. Be2 f6 6. Bf4 fxe5 7. Nxe5 Nxe5 8. Bxe5 Nf6 9. Nd2 Bd6 10. Nf3 O-O 11. O-O Ng4 12. Bg3 Bxg3 13. hxg3 c6 14. Qd2 Qd6 1/2-1/2

[Event "SVK Extraliga 2019-20"]
[Site "Slovakia"]
[Date "2019.10.19"]
[Round "1.8"]
[White "Tropp, Lukas"]
[Black "Szucs, Vladimir"]
[Result "1-0"]
[ECO "C11"]
[WhiteElo "2106"]
[BlackElo "2158"]
[Annotator "NA"]
[PlyCount "55"]
[EventDate "2019.10.19"]
[EventType "team-tourn"]
[EventCountry "SVK"]
[SourceTitle "playchess.com"]
[Source "ChessBase"]
[SourceQuality "1"]
[WhiteTeam "Kosice"]
[BlackTeam "Podhajska"]
[TimeControl "40/5400+30:1800+30"]

1. e4 e6 2. Nf3 d5 3. Nc3 Nf6 4. e5 Nfd7 5. d4 c5 6. Bg5 Qb6 7. dxc5 Nxc5 8. Bb5+ Bd7 9. a4 a6 10. Bxd7+ Ncxd7 11. O-O Nc6 12. Rb1 Bc5 13. b4 Be7 14. b5 Na5 15. Bxe7 Kxe7 16. bxa6 Qxa6 17. Nb5 Rac8 18. Qd2 Nc4 19. Qg5+ Kf8 20. Rb4 h6 21. Qf4 g5 22. Qg3 Nc5 23. Rxc4 dxc4 24. Nd6 Rd8 25. Nd4 f5 26. Qa3 Qb6 27. a5 Qc7 28. Qxc5 1-0

[Event "SVK Extraliga 2019-20"]
[Site "Slovakia"]
[Date "2019.10.19"]
[Round "1.8"]
[White "Pcola, Jaroslav"]
[Black "Takacs, Laszlo"]
[Result "1/2-1/2"]
[ECO "B52"]
[WhiteElo "2082"]
[BlackElo "2249"]
[Annotator "NA"]
[PlyCount "92"]
[EventDate "2019.10.19"]
[EventType "team-tourn"]
[EventCountry "SVK"]
[SourceTitle "playchess.com"]
[Source "ChessBase"]
[SourceQuality "1"]
[WhiteTeam "Humenne"]
[BlackTeam "Streda"]
[TimeControl "40/5400+30:1800+30"]

1. e4 c5 2. Nf3 d6 3. Bb5+ Bd7 4. Bxd7+ Qxd7 5. O-O Nc6 6. c3 Nf6 7. Re1 e6 8. d4 cxd4 9. cxd4 d5 10. e5 Ne4 11. Nbd2 Nxd2 12. Bxd2 Be7 13. Rc1 O-O 14. Rc3 Rac8 {[%emt 0:08:00] B52: Sicilian: Moscow Variation with 3...Bd7} (14... Rfc8 15. h4 Bd8 16. Rd3 Qc7 17. Ng5 h6 18. Nh3 Ne7 19. Bc3 b5 20. Nf4 Nf5 21. Qg4 Bxh4 22. Nh5 {½-½ (52) Nakamura,H (2769)-Grischuk,A (2766) Paris 2018}) 15. a3 b5 16. Rd3 f5 (16... Qd8 $11) 17. exf6 $1 Bxf6 18. Bg5 $146 ({Predecessor:} 18. Bc3 a5 19. Re2 b4 20. axb4 axb4 21. Be1 Rb8 22. Rde3 {½-½ (51) Zakic,S (2359)-Boskovic,D (2332) Kragujevac 2000}) 18... Rce8 19. Bxf6 Rxf6 20. Ne5 (20. Rc3 $16) 20... Nxe5 21. Rxe5 Ref8 22. f3 Rc8 23. Qd2 Rc4 24. b3 Rc6 $11 25. Rc3 Rf8 26. Rxc6 Qxc6 27. Qe3 Rf6 28. Qd2 Qb6 29. h3 h6 30. Kh1 Qc7 31. Re1 Qg3 32. Qe2 Qf4 33. Rd1 a6 34. a4 Qb8 35. axb5 axb5 36. Rc1 Qf4 37. Rc8+ Kh7 38. Qd3+ Rg6 39. Rc2 Qf6 40. Re2 Kg8 41. Re1 Qg5 42. Qe2 Kh7 43. Qc2 Kg8 44. Qc8+ Kh7 45. Qc2 Kg8 46. Qc8+ Kh7 1/2-1/2

[Event "SVK Extraliga 2019-20"]
[Site "Slovakia"]
[Date "2019.10.20"]
[Round "1.8"]
[White "Bochnickova, Simona"]
[Black "Sobek, Michal"]
[Result "0-1"]
[ECO "B34"]
[WhiteElo "1469"]
[BlackElo "2052"]
[Annotator "NA"]
[PlyCount "62"]
[EventDate "2019.10.19"]
[EventType "team-tourn"]
[EventCountry "SVK"]
[SourceTitle "playchess.com"]
[Source "ChessBase"]
[SourceQuality "1"]
[WhiteTeam "Bratislava"]
[BlackTeam "Modra"]
[WhiteTeamCountry "SVK"]
[BlackTeamCountry "SVK"]
[TimeControl "40/5400+30:1800+30"]

1. e4 c5 2. Nf3 Nc6 3. d4 cxd4 4. Nxd4 g6 5. Be3 Nf6 6. Nc3 Bg7 7. f3 O-O 8. Qd2 d5 9. e5 Nxe5 10. O-O-O b6 11. Bf4 Nc4 12. Bxc4 dxc4 13. Qe2 (13. Bh6 $11) 13... Nd5 14. Qxc4 Nxc3 15. Qxc3 Qe8 $15 16. Qb4 a5 17. Qxb6 Qa4 18. Qc6 Qxa2 19. Qxa8 Bxd4 20. Rxd4 Qa1+ 21. Kd2 Qxh1 22. Qxa5 Qxg2+ 23. Ke3 Qg1+ 24. Kd3 Qf1+ 25. Ke3 Qg1+ 26. Kd3 Bf5+ 27. Kc3 Qf2 28. Qa4 Rc8+ 29. Rc4 Qxf3+ 30. Kd2 Rd8+ 31. Rd4 Qxf4+ 0-1

[Event "SVK Extraliga 2019-20"]
[Site "Slovakia"]
[Date "2019.10.20"]
[Round "2.1"]
[White "Papp, Gabor"]
[Black "Balogh, Csaba"]
[Result "1/2-1/2"]
[ECO "C45"]
[WhiteElo "2587"]
[BlackElo "2587"]
[Annotator "ChessBase"]
[PlyCount "44"]
[EventDate "2019.10.19"]
[EventType "team-tourn"]
[EventCountry "SVK"]
[SourceTitle "playchess.com"]
[Source "ChessBase"]
[SourceQuality "1"]
[WhiteTeam "Hungary"]
[BlackTeam "Hungary"]
[WhiteTeamCountry "HUN"]
[BlackTeamCountry "HUN"]
[TimeControl "40/5400+30:1800+30"]

1. e4 e5 2. Nf3 Nc6 3. d4 exd4 4. Nxd4 Nf6 5. Nxc6 bxc6 6. e5 Qe7 7. Qe2 Nd5 8. c4 Ba6 9. b3 g6 10. Ba3 Nb4 11. Bb2 Bg7 12. a3 Nd5 13. Nd2 O-O 14. O-O-O Rfe8 15. Qf3 Nb6 16. Ne4 Bxe5 17. Bxe5 Qxe5 18. Nf6+ Kf8 19. Nxe8 Qa1+ 20. Kc2 Qa2+ 21. Kc1 Qa1+ 22. Kc2 Qa2+ 1/2-1/2

[Event "SVK Extraliga 2019-20"]
[Site "Slovakia"]
[Date "2019.10.20"]
[Round "2.1"]
[White "Krejci, Jan"]
[Black "Antoniewski, Rafal"]
[Result "1/2-1/2"]
[ECO "A38"]
[WhiteElo "2574"]
[BlackElo "2481"]
[Annotator "ChessBase"]
[PlyCount "45"]
[EventDate "2019.10.19"]
[EventType "team-tourn"]
[EventCountry "SVK"]
[SourceTitle "playchess.com"]
[Source "ChessBase"]
[SourceQuality "1"]
[WhiteTeam "Prakovce"]
[BlackTeam "Dunajov"]
[TimeControl "40/5400+30:1800+30"]

1. c4 g6 2. Nc3 Bg7 3. g3 c5 4. Bg2 Nc6 5. Nf3 Nf6 6. d4 cxd4 7. Nxd4 O-O 8. O-O Qa5 9. h3 d6 10. e3 Bd7 11. Nb3 Qb4 12. Nd2 Rac8 13. a3 Qb6 14. b3 Ne5 15. Qe2 Bc6 16. Bb2 Bxg2 17. Kxg2 a6 18. Rac1 Rfe8 19. e4 Ned7 20. Rfe1 h5 21. f4 e5 22. f5 Bh6 23. fxg6 1/2-1/2

[Event "SVK Extraliga 2019-20"]
[Site "Slovakia"]
[Date "2019.10.20"]
[Round "2.1"]
[White "Babula, Vlastimil"]
[Black "Balog, Imre"]
[Result "1-0"]
[ECO "A58"]
[WhiteElo "2559"]
[BlackElo "2566"]
[Annotator "ChessBase"]
[PlyCount "57"]
[EventDate "2019.10.19"]
[EventType "team-tourn"]
[EventCountry "SVK"]
[SourceTitle "playchess.com"]
[Source "ChessBase"]
[SourceQuality "1"]
[WhiteTeam "Snina"]
[BlackTeam "Podhajska"]
[TimeControl "40/5400+30:1800+30"]

1. d4 Nf6 2. c4 c5 3. d5 b5 4. cxb5 a6 5. bxa6 g6 6. Nc3 Bg7 7. a7 Rxa7 8. e4 O-O 9. Nf3 e6 10. dxe6 dxe6 11. Qxd8 Rxd8 12. Bb5 Bb7 13. Nd2 Na6 14. f3 Nb4 15. O-O Ne8 16. Nb3 Nc2 17. Rb1 Nd6 18. Rd1 Nd4 19. Be3 Rc8 20. Bd7 Rc7 21. Nxd4 cxd4 22. Bxd4 Bxd4+ 23. Rxd4 Rxd7 24. Rbd1 Ra6 25. e5 Bd5 26. exd6 Rdxd6 27. b4 Rdb6 28. a4 Bb3 29. b5 1-0

[Event "SVK Extraliga 2019-20"]
[Site "Slovakia"]
[Date "2019.10.20"]
[Round "2.1"]
[White "Vetoshko, Volodymyr"]
[Black "Petenyi, Tamas"]
[Result "1-0"]
[ECO "A40"]
[WhiteElo "2506"]
[BlackElo "2427"]
[Annotator "ChessBase"]
[PlyCount "77"]
[EventDate "2019.10.19"]
[EventType "team-tourn"]
[EventCountry "SVK"]
[SourceTitle "playchess.com"]
[Source "ChessBase"]
[SourceQuality "1"]
[BlackTeam "Streda"]
[TimeControl "40/5400+30:1800+30"]

1. d4 g6 2. c4 Bg7 3. Nc3 c6 4. e4 d6 5. Be3 Nf6 6. Be2 Na6 7. h3 O-O 8. Nf3 Nc7 9. O-O b6 10. Qd2 Ba6 11. a4 Re8 12. Rfd1 Qb8 13. e5 Nd7 14. exd6 exd6 15. Bf4 Ne6 16. Bh2 c5 17. dxc5 bxc5 18. Bxd6 Qb7 19. Nb5 Nf6 20. Qc2 Ne4 21. Bd3 f5 22. Bh2 Qe7 23. Bxe4 fxe4 24. Qxe4 Bb7 25. Qg4 Bxb2 26. Rab1 Bg7 27. Nd6 Bxf3 28. gxf3 Nd4 29. Nxe8 Rxe8 30. Kg2 Qf7 31. Re1 Rxe1 32. Rxe1 h5 33. Qe4 Kh7 34. Qd5 Qf6 35. Re8 h4 36. Qe4 Nf5 37. Be5 Qg5+ 38. Qg4 Qh6 39. Bf4 1-0

[Event "SVK Extraliga 2019-20"]
[Site "Slovakia"]
[Date "2019.10.20"]
[Round "2.1"]
[White "Mazur, Stefan"]
[Black "Pechac, Jergus"]
[Result "1-0"]
[ECO "B90"]
[WhiteElo "2435"]
[BlackElo "2491"]
[Annotator "ChessBase"]
[PlyCount "111"]
[EventDate "2019.10.19"]
[EventType "team-tourn"]
[EventCountry "SVK"]
[SourceTitle "playchess.com"]
[Source "ChessBase"]
[SourceQuality "1"]
[WhiteTeam "Liptovska"]
[BlackTeam "Zilina"]
[TimeControl "40/5400+30:1800+30"]

1. e4 c5 2. Nf3 d6 3. d4 cxd4 4. Nxd4 Nf6 5. Nc3 a6 6. h3 e6 7. g4 Nfd7 8. Be3 Be7 9. g5 b5 10. a3 Qc7 11. h4 Nc6 12. Nxc6 Qxc6 13. Qd4 O-O 14. O-O-O Ne5 15. f4 Ng4 16. Bg1 h5 17. gxh6 Nxh6 18. Rh2 Re8 19. Rg2 Bf8 20. Be3 Ng4 21. Bd2 f5 22. Bd3 Qc5 23. Qxc5 dxc5 24. Be2 Bb7 25. Bxg4 fxg4 26. Re1 b4 27. Na4 Rad8 28. Rxg4 a5 29. Rg5 e5 30. axb4 cxb4 31. Rxe5 Rxe5 32. fxe5 Bc6 33. b3 Be7 34. h5 Bxa4 35. bxa4 Rd4 36. Rg1 Kf7 37. Rg4 Rd8 38. Bg5 Bxg5+ 39. Rxg5 Rd4 40. e6+ Kxe6 41. Rxg7 Rxe4 42. Rg5 Rh4 43. Rxa5 Kd7 44. Kb2 Rh3 45. Rc5 Kd6 46. Rc4 Rxh5 47. Kb3 Rh1 48. Kxb4 Rb1+ 49. Ka5 Rb2 50. Ka6 Kd7 51. a5 Kd6 52. Ka7 Kd7 53. a6 Rb5 54. Ka8 Rb6 55. a7 Rb2 56. Rc3 1-0

[Event "SVK Extraliga 2019-20"]
[Site "Slovakia"]
[Date "2019.10.20"]
[Round "2.1"]
[White "Sahidi, Samir"]
[Black "Cernousek, Lukas"]
[Result "0-1"]
[ECO "D73"]
[WhiteElo "2374"]
[BlackElo "2458"]
[Annotator "ChessBase"]
[PlyCount "104"]
[EventDate "2019.10.19"]
[EventType "team-tourn"]
[EventCountry "SVK"]
[SourceTitle "playchess.com"]
[Source "ChessBase"]
[SourceQuality "1"]
[BlackTeam "Dubnica"]
[TimeControl "40/5400+30:1800+30"]

1. d4 Nf6 2. c4 g6 3. g3 Bg7 4. Bg2 d5 5. Nf3 dxc4 6. Na3 c3 7. bxc3 O-O 8. O-O c5 9. Ne5 Nd5 10. Bb2 Nc6 11. Nac4 Nxe5 12. Nxe5 Bxe5 13. dxe5 Be6 14. Rc1 Rb8 15. Ba3 Qa5 16. Bxd5 Rbd8 17. e4 Qxa3 18. Qf3 Bxd5 19. exd5 Qxa2 20. c4 Qa6 21. Rfd1 b6 22. h4 Qc8 23. Kg2 h5 24. Ra1 Qc7 25. Qe4 Kg7 26. Rd3 Rd7 27. Rf3 f5 28. Qf4 e6 29. d6 Qd8 30. Rfa3 Rff7 31. Ra6 Kh7 32. R1a3 Qa8+ 33. Qf3 Qxf3+ 34. Kxf3 Kh6 35. Kf4 Rb7 36. Ra1 Rh7 37. R6a2 Rhg7 38. f3 Rgf7 39. Ke3 Kg7 40. Kd3 Kf8 41. Kc3 Ke8 42. Kb3 Kd8 43. Ka4 Kc8 44. Kb5 Kb8 45. Rg1 Rf8 46. Rh2 a6+ 47. Kxa6 Ka8 48. Kb5 Ra7 49. Kxb6 Rc8 50. d7 Rb7+ 51. Ka5 Rcb8 52. d8=Q Ra7# 0-1

[Event "SVK Extraliga 2019-20"]
[Site "Slovakia"]
[Date "2019.10.20"]
[Round "2.2"]
[White "Plat, Vojtech"]
[Black "Macko, Miroslav"]
[Result "1-0"]
[ECO "A01"]
[WhiteElo "2573"]
[BlackElo "2303"]
[Annotator "ChessBase"]
[PlyCount "55"]
[EventDate "2019.10.19"]
[EventType "team-tourn"]
[EventCountry "SVK"]
[SourceTitle "playchess.com"]
[Source "ChessBase"]
[SourceQuality "1"]
[WhiteTeam "Modra"]
[TimeControl "40/5400+30:1800+30"]

1. b3 e5 2. Bb2 Nc6 3. e3 d5 4. Bb5 Bd6 5. f4 f6 6. fxe5 fxe5 7. Nf3 Bg4 8. h3 Bxf3 9. Qxf3 Qh4+ 10. g3 Qg5 11. Nc3 e4 12. Qg4 Qxg4 13. hxg4 Nge7 14. Bxc6+ bxc6 15. Ne2 O-O 16. Nf4 Ng6 17. Ke2 Ne5 18. Rh5 Nxg4 19. Rg5 Nf6 20. Ne6 Rf7 21. Rf1 Re8 22. Rxf6 Rxf6 23. Rxg7+ Kh8 24. Bxf6 Rxe6 25. Rg6+ Rxf6 26. Rxf6 Kg7 27. Rf5 Kg6 28. g4 1-0

[Event "SVK Extraliga 2019-20"]
[Site "Slovakia"]
[Date "2019.10.20"]
[Round "2.2"]
[White "Bulski, Krzysztof"]
[Black "Zilka, Stepan"]
[Result "1/2-1/2"]
[ECO "B17"]
[WhiteElo "2525"]
[BlackElo "2536"]
[Annotator "ChessBase"]
[PlyCount "53"]
[EventDate "2019.10.19"]
[EventType "team-tourn"]
[EventCountry "SVK"]
[SourceTitle "playchess.com"]
[Source "ChessBase"]
[SourceQuality "1"]
[WhiteTeam "Dunajov"]
[BlackTeam "Prakovce"]
[TimeControl "40/5400+30:1800+30"]

1. e4 c6 2. d4 d5 3. Nc3 dxe4 4. Nxe4 Nd7 5. Bc4 Ngf6 6. Ng5 e6 7. Qe2 Nb6 8. Bd3 h6 9. N5f3 c5 10. dxc5 Bxc5 11. Ne5 Nbd7 12. Ngf3 Nxe5 13. Nxe5 O-O 14. O-O Qc7 15. Bf4 Qe7 16. Rad1 Rd8 17. c3 Bd7 18. Nxd7 Rxd7 19. Bc2 Rad8 20. Rxd7 Rxd7 21. Rd1 Rxd1+ 22. Bxd1 Nd5 23. Bc1 e5 24. Qg4 Nf6 25. Qc8+ Kh7 26. Qf5+ g6 27. Qh3 1/2-1/2

[Event "SVK Extraliga 2019-20"]
[Site "Slovakia"]
[Date "2019.10.20"]
[Round "2.2"]
[White "Bernasek, Jan"]
[Black "Haring, Filip"]
[Result "0-1"]
[ECO "E59"]
[WhiteElo "2490"]
[BlackElo "2294"]
[Annotator "ChessBase"]
[PlyCount "70"]
[EventDate "2019.10.19"]
[EventType "team-tourn"]
[EventCountry "SVK"]
[SourceTitle "playchess.com"]
[Source "ChessBase"]
[SourceQuality "1"]
[BlackTeam "Liptovska"]
[TimeControl "40/5400+30:1800+30"]

1. d4 Nf6 2. c4 e6 3. Nc3 Bb4 4. e3 O-O 5. Nf3 d5 6. Bd3 c5 7. O-O Nc6 8. a3 Bxc3 9. bxc3 dxc4 10. Bxc4 Qc7 11. Bb2 Rd8 12. Qe2 e5 13. h3 Bf5 14. Rfd1 e4 15. Nd2 Bg6 16. Rdc1 Ne7 17. a4 Nf5 18. Ba3 b6 19. Rab1 Nh4 20. Qe1 Nd5 21. Bf1 Qe7 22. Qd1 Bf5 23. Kh1 Rac8 24. Nc4 Rc6 25. Ne5 Rh6 26. Ng4 Rg6 27. dxc5 Bxg4 28. hxg4 Qc7 29. g5 Rxg5 30. cxb6 Nxb6 31. Qe2 Nf3 32. Qxf3 exf3 33. g3 Rd2 34. Rd1 Rxf2 35. Bd6 Rxf1+ 0-1

[Event "SVK Extraliga 2019-20"]
[Site "Slovakia"]
[Date "2019.10.20"]
[Round "2.2"]
[White "Nemeth, Miklos"]
[Black "Nayhebaver, Martin"]
[Result "1-0"]
[ECO "B53"]
[WhiteElo "2488"]
[BlackElo "2481"]
[Annotator "RC"]
[PlyCount "123"]
[EventDate "2019.10.19"]
[EventType "team-tourn"]
[EventCountry "SVK"]
[SourceTitle "playchess.com"]
[Source "ChessBase"]
[SourceQuality "1"]
[WhiteTeam "Streda"]
[BlackTeam "Zilina"]
[TimeControl "40/5400+30:1800+30"]

1. e4 c5 2. Nf3 d6 3. d4 cxd4 4. Qxd4 Nf6 5. Nc3 Nc6 6. Bb5 Bd7 7. Bxc6 Bxc6 8. Bg5 e6 9. O-O-O Be7 10. Qd3 Qa5 11. h4 h6 12. Bd2 Qc7 13. Nd4 a6 14. f4 d5 15. e5 Nd7 16. Qg3 O-O-O 17. Qxg7 Bc5 18. Nce2 Bxd4 19. Nxd4 Nc5 20. Qg3 Rdg8 21. Qf3 h5 22. Be1 Rg4 23. g3 Rhg8 24. Qa3 Ne4 25. Rd3 Bb5 26. Nxb5 axb5 27. Rf1 Kb8 28. Bb4 Qb6 29. Be1 Qc7 30. Rff3 Rc8 31. Bc3 Qc4 32. b3 Qc6 33. Qb2 Rcg8 34. Be1 Qc5 35. Rfe3 Qb6 36. Qa3 Nc5 37. Rd4 Qa7 38. Qb4 Ne4 39. Kb2 Rc8 40. c3 Qa6 41. Qe7 Rg7 42. f5 Qb6 43. fxe6 Qxe6 44. Qb4 Qc6 45. Red3 Rg4 46. Rf3 Nc5 47. Rff4 Rcg8 48. Rd1 Ne6 49. Rxg4 Rxg4 50. Qd6+ Qxd6 51. exd6 Re4 52. Bd2 Re2 53. Ka3 Kc8 54. Bf4 d4 55. cxd4 Nxf4 56. gxf4 Kd7 57. Rg1 Re4 58. Rg5 b4+ 59. Kxb4 Rxf4 60. Rxh5 Rxd4+ 61. Kc5 Rxd6 62. Rd5 1-0

[Event "SVK Extraliga 2019-20"]
[Site "Slovakia"]
[Date "2019.10.20"]
[Round "2.2"]
[White "Chovan, Milan"]
[Black "Markos, Jan"]
[Result "1/2-1/2"]
[ECO "E32"]
[WhiteElo "2318"]
[BlackElo "2572"]
[Annotator "ChessBase"]
[PlyCount "54"]
[EventDate "2019.10.19"]
[EventType "team-tourn"]
[EventCountry "SVK"]
[SourceTitle "playchess.com"]
[Source "ChessBase"]
[SourceQuality "1"]
[WhiteTeam "Podhajska"]
[BlackTeam "Snina"]
[TimeControl "40/5400+30:1800+30"]

1. d4 Nf6 2. c4 e6 3. Nc3 Bb4 4. Qc2 O-O 5. a3 Bxc3+ 6. Qxc3 b5 7. cxb5 c6 8. Bg5 cxb5 9. e3 Bb7 10. Nf3 h6 11. Bh4 a6 12. Bd3 d6 13. O-O Nbd7 14. Bg3 Qb6 15. Rac1 Rfc8 16. Qb4 Be4 17. Be2 Ne8 18. Nd2 Bc6 19. Rfe1 a5 20. Qb3 Ndf6 21. f3 Rab8 22. Qd3 b4 23. Nc4 Qd8 24. Qd2 Nh5 25. Bf2 Nhf6 26. Bg3 Nh5 27. Bf2 Nhf6 1/2-1/2

[Event "SVK Extraliga 2019-20"]
[Site "Slovakia"]
[Date "2019.10.20"]
[Round "2.3"]
[White "Kriebel, Tadeas"]
[Black "Jakab, Bela"]
[Result "1-0"]
[ECO "C18"]
[WhiteElo "2528"]
[BlackElo "2244"]
[Annotator "ChessBase"]
[PlyCount "79"]
[EventDate "2019.10.19"]
[EventType "team-tourn"]
[EventCountry "SVK"]
[SourceTitle "playchess.com"]
[Source "ChessBase"]
[SourceQuality "1"]
[WhiteTeam "Snina"]
[BlackTeam "Komarno"]
[TimeControl "40/5400+30:1800+30"]

1. e4 e6 2. d4 d5 3. Nc3 Bb4 4. e5 Ne7 5. a3 Bxc3+ 6. bxc3 c5 7. Qg4 Qc7 8. Qxg7 Rg8 9. Qxh7 cxd4 10. Qd3 dxc3 11. Nf3 Bd7 12. h4 Nbc6 13. Qxc3 O-O-O 14. Bg5 Rde8 15. Bd3 Ng6 16. Bxg6 fxg6 17. O-O Na5 18. Qxc7+ Kxc7 19. Bf6 Ba4 20. Nd4 Kd7 21. Rfb1 Rc8 22. Ra2 Rc3 23. Rb4 Bc6 24. f3 b6 25. Kf2 Rc8 26. g4 Bb7 27. h5 Rf8 28. hxg6 Ba6 29. g7 Rg8 30. Ra1 Nc6 31. Rh1 Nxb4 32. axb4 Rc4 33. Ke3 Bb7 34. Rh8 Rcc8 35. b5 a5 36. bxa6 Bxa6 37. Kf4 b5 38. Kg5 b4 39. Kh6 Bf1 40. Rxg8 1-0

[Event "SVK Extraliga 2019-20"]
[Site "Slovakia"]
[Date "2019.10.20"]
[Round "2.3"]
[White "Ftacnik, Lubomir"]
[Black "Kozak, Adam"]
[Result "1/2-1/2"]
[ECO "A17"]
[WhiteElo "2520"]
[BlackElo "2512"]
[Annotator "ChessBase"]
[PlyCount "56"]
[EventDate "2019.10.19"]
[EventType "team-tourn"]
[EventCountry "SVK"]
[SourceTitle "playchess.com"]
[Source "ChessBase"]
[SourceQuality "1"]
[WhiteTeam "Slovakia"]
[BlackTeam "Hungary"]
[WhiteTeamCountry "SVK"]
[BlackTeamCountry "HUN"]
[TimeControl "40/5400+30:1800+30"]

1. Nf3 Nf6 2. c4 e6 3. Nc3 b6 4. g3 Bb7 5. Bg2 Be7 6. O-O O-O 7. Re1 Ne4 8. Nxe4 Bxe4 9. d3 Bb7 10. e4 c5 11. d4 cxd4 12. Nxd4 Nc6 13. Be3 Nxd4 14. Bxd4 Qc7 15. Rc1 Bc6 16. Qd2 a5 17. Qe3 Rab8 18. Re2 e5 19. Bc3 Bc5 20. Qd2 d6 21. a3 a4 22. Bb4 Bd4 23. Bc3 Bc5 24. Bb4 Rbd8 25. Rd1 Bd4 26. Bc3 Bc5 27. Bb4 Bd4 28. Bc3 Bc5 1/2-1/2

[Event "SVK Extraliga 2019-20"]
[Site "Slovakia"]
[Date "2019.10.20"]
[Round "2.3"]
[White "Manik, Mikulas"]
[Black "Tazbir, Marcin"]
[Result "1/2-1/2"]
[ECO "B67"]
[WhiteElo "2371"]
[BlackElo "2529"]
[Annotator "ChessBase"]
[PlyCount "27"]
[EventDate "2019.10.19"]
[EventType "team-tourn"]
[EventCountry "SVK"]
[SourceTitle "playchess.com"]
[Source "ChessBase"]
[SourceQuality "1"]
[WhiteTeam "Prakovce"]
[BlackTeam "Dunajov"]
[TimeControl "40/5400+30:1800+30"]

1. e4 c5 2. Nf3 d6 3. d4 Nf6 4. Nc3 cxd4 5. Nxd4 Nc6 6. Bg5 e6 7. Qd2 a6 8. O-O-O Bd7 9. f3 h6 10. Be3 h5 11. Kb1 Qc7 12. Nxc6 Bxc6 13. Ne2 Be7 14. Nd4 1/2-1/2

[Event "SVK Extraliga 2019-20"]
[Site "Slovakia"]
[Date "2019.10.20"]
[Round "2.3"]
[White "Hrabusa, Matej"]
[Black "Jurcik, Marian"]
[Result "1/2-1/2"]
[ECO "B15"]
[WhiteElo "2368"]
[BlackElo "2486"]
[Annotator "ChessBase"]
[PlyCount "44"]
[EventDate "2019.10.19"]
[EventType "team-tourn"]
[EventCountry "SVK"]
[SourceTitle "playchess.com"]
[Source "ChessBase"]
[SourceQuality "1"]
[WhiteTeam "Liptovska"]
[BlackTeam "Zilina"]
[TimeControl "40/5400+30:1800+30"]

1. e4 c6 2. d4 d5 3. Nc3 dxe4 4. Nxe4 Nf6 5. Nxf6+ exf6 6. Bc4 Bd6 7. Qe2+ Be7 8. c3 O-O 9. Qf3 Be6 10. Bxe6 fxe6 11. Ne2 Qd5 12. Qh3 Bd6 13. O-O Na6 14. Re1 e5 15. dxe5 Bxe5 16. Be3 Rad8 17. Ng3 g6 18. f4 Bc7 19. f5 Bxg3 20. hxg3 c5 21. fxg6 hxg6 22. Qg4 Qf5 1/2-1/2

[Event "SVK Extraliga 2019-20"]
[Site "Slovakia"]
[Date "2019.10.20"]
[Round "2.3"]
[White "Mosesov, Danylo"]
[Black "Rigo, Zsolt"]
[Result "1/2-1/2"]
[ECO "E15"]
[WhiteElo "2290"]
[BlackElo "2396"]
[Annotator "ChessBase"]
[PlyCount "64"]
[EventDate "2019.10.19"]
[EventType "team-tourn"]
[EventCountry "SVK"]
[SourceTitle "playchess.com"]
[Source "ChessBase"]
[SourceQuality "1"]
[BlackTeam "Modra"]
[TimeControl "40/5400+30:1800+30"]

1. d4 Nf6 2. c4 e6 3. Nf3 b6 4. g3 Ba6 5. Qc2 c6 6. Bg2 d5 7. Ne5 Bb4+ 8. Nc3 O-O 9. O-O Nfd7 10. cxd5 cxd5 11. Rd1 Bb7 12. Nd3 Be7 13. e4 Nf6 14. e5 Ne8 15. Nf4 Nc6 16. Be3 Nb4 17. Qe2 Ba6 18. Qd2 Rc8 19. Rac1 Nc7 20. a3 Nc6 21. b4 Bc4 22. Bf1 b5 23. Rb1 Qd7 24. Nh5 a5 25. bxa5 Bxf1 26. Rxf1 Nxa5 27. Bg5 Nc4 28. Qf4 Nxa3 29. Rb3 Ne8 30. Bxe7 Qxe7 31. Nxb5 Nxb5 32. Rxb5 f6 1/2-1/2

[Event "SVK Extraliga 2019-20"]
[Site "Slovakia"]
[Date "2019.10.20"]
[Round "2.3"]
[White "Rohacek, Miroslav"]
[Black "Roubalik, Jakub"]
[Result "1-0"]
[ECO "A20"]
[WhiteElo "2222"]
[BlackElo "2410"]
[Annotator "NA"]
[PlyCount "83"]
[EventDate "2019.10.19"]
[EventType "team-tourn"]
[EventCountry "SVK"]
[SourceTitle "playchess.com"]
[Source "ChessBase"]
[SourceQuality "1"]
[WhiteTeam "Osuske"]
[BlackTeam "Dubnica"]
[TimeControl "40/5400+30:1800+30"]

1. c4 e5 2. g3 Nc6 3. Bg2 Nf6 4. Nc3 Bb4 5. Nd5 a5 6. a3 {[%emt 0:03:11] A25: English Opening vs King's Indian with ...Nc6 but without early d3} (6. e3 O-O 7. Ne2 Nxd5 8. cxd5 Ne7 9. O-O c6 10. a3 Bd6 11. Nc3 f5 12. d4 e4 13. f3 cxd5 14. Nxd5 exf3 15. Qxf3 {1-0 (58) Bernadskiy,V (2634)-Bogdanovich,S (2689) Lutsk 2017}) 6... Bc5 7. e3 O-O 8. Ne2 Re8 9. O-O d6 10. d4 Ba7 $146 ({Predecessor:} 10... exd4 11. exd4 Bg4 12. f3 Ba7 13. fxg4 Rxe2 14. Nxf6+ gxf6 15. Bxc6 Qe7 16. Bf3 {1-0 (16) Visser,D-Stobik,D (2220) Germany 1987}) 11. h3 (11. Nxf6+ $11 Qxf6 12. d5) 11... exd4 12. exd4 Nxd5 $1 13. cxd5 Ne7 14. Bg5 h6 15. Bf4 Nf5 16. Qd3 Bd7 17. Bd2 Bb6 18. a4 Qf6 19. Bc3 Re7 20. b3 Rae8 21. Ra2 g5 22. Kh2 h5 23. Rd1 Nh6 24. Ng1 Bf5 25. Qd2 h4 (25... g4 $17 26. h4 Bh7) 26. gxh4 gxh4 27. Qf4 Kg7 28. Nf3 Re4 29. Qc1 $19 (29. Qd2 $17) 29... Bd7 30. Bd2 Nf5 31. Bg5 Qg6 32. Rg1 Kh7 33. Bf6 Qxf6 34. Ng5+ Kh8 35. Nxe4 Qxd4 36. Qg5 Rxe4 37. Bxe4 Qe5+ 38. Kh1 Qxe4+ 39. Rg2 Ng3+ 40. fxg3 Bxh3 41. Qh6+ Qh7 42. Qf6+ 1-0